 Dungeon Crawl Stone Soup version 0.29.0-11-gd7f09526c8 (webtiles) character file.

Game seed: 12388925891649987479

93 concernfroge the Trooper (level 4, -4/39 HPs)
             Began as a Mummy Monk on Sept 5, 2022.
             Splashed by a jelly's acid (8 damage)
             ... on level 4 of the Dungeon.
             The game lasted 00:04:08 (2389 turns).

concernfroge the Trooper (Mummy Monk)               Turns: 2389, Time: 00:04:09

Health: -4/39      AC:  4    Str: 16    XL:     4   Next: 36%
Magic:  4/4        EV: 10    Int:  9    God:
Gold:   103        SH:  0    Dex: 14    Spells: 3/3 levels left

rFire   x . .      SeeInvis .   a - +0 spear
rCold   + . .      Faith    .   (no shield)
rNeg    + + +      Spirit   .   e - +0 scale mail
rPois   ∞          Reflect  .   (no helmet)
rElec   .          Harm     .   (no cloak)
rCorr   .          Rampage  .   i - +1 pair of gloves
Will    .....                   (no boots)
Stlth   ..........              (no amulet)
HPRegen 0.13/turn               (no ring)
MPRegen 0.09/turn               (no ring)

@: corroded
A: cold resistance 1, negative energy resistance 3, torment resistance 2, heat
vulnerability 1, in touch with death 1, no potions
a: no special abilities


You were on level 4 of the Dungeon.
You visited 1 branch of the dungeon, and saw 4 of its levels.

You collected 103 gold pieces.

Inventory:

Hand Weapons
 a - a +0 spear (weapon)
Armour
 e - a +0 scale mail (worn)
 i - a +1 pair of gloves (worn)
Scrolls
 b - 2 scrolls of fog {unknown}
 f - a scroll of noise
 g - a scroll of amnesia
 h - a scroll of brand weapon
 j - a scroll of magic mapping
 k - a scroll of enchant weapon
 l - a scroll of blinking {unknown}


   Skills:
 + Level 5.2 Fighting
 - Level 2.4 Polearms
 - Level 2.4 Dodging
 - Level 1.5 Stealth


You had 3 spell levels left.
You didn't know any spells.
Your spell library contained the following spells:

 Spells                   Type           Power      Damage    Failure   Level
 Freezing Cloud           Conj/Ice/Air   0%         6-21      100%        5
 Simulacrum               Ice/Necr       0%         N/A       100%        6
 Polar Vortex             Ice            0%         N/A       100%        9


Dungeon Overview and Level Annotations

Branches:
Dungeon (4/15)
 Temple: D:4-7

Altars:


Innate Abilities, Weirdness & Mutations

You are immune to poison.
Your flesh is cold resistant. (rC+)
You are immune to negative energy. (rN+++)
You are immune to unholy pain and torment.
You are vulnerable to heat. (rF-)
You are in touch with the powers of death.
You do not drink.


Message History

There is an open door here.
A ball python comes into view.
The ball python hisses angrily.
You hit the ball python.
You kill the ball python!
No target in view!
No target in view!
You now have 90 gold pieces (gained 11).
You now have 103 gold pieces (gained 13).
Found a helmet.
b - 2 scrolls labelled NUNGEU EROATOU (gained 1)
A jelly comes into view.
The jelly quivers.
You reach to attack!
You hit the jelly but do no damage. You hit the jelly.
Your hands burn!
The jelly is moderately wounded.
The jelly barely misses you.
You hit the jelly but do no damage. The acid corrodes you!
Your hands burn!
The jelly is moderately wounded.
The jelly hits you.
You are splashed with acid!
You hit the jelly.
Your hands burn!
The jelly is heavily wounded.
The jelly hits you but does no damage.
You hit the jelly but do no damage.
Your hands burn!
The jelly is heavily wounded.
The jelly hits you.
You are splashed with acid!
* * * LOW HITPOINT WARNING * * *
You are too injured to fight recklessly!
You are too injured to fight recklessly!
You hit the jelly.
Your hands burn!
* * * LOW HITPOINT WARNING * * *
The jelly is severely wounded.
The jelly hits you but does no damage.
You hit the jelly but do no damage.
Your hands burn!
* * * LOW HITPOINT WARNING * * *
The jelly is severely wounded.
The jelly hits you.
* * * LOW HITPOINT WARNING * * *
You are splashed with acid!
You die...

...##.... ........#
........# ........###
..........##
...........#
....[..J..####
.......@## #.#
..........###.###
.................#
.................##
................#...#
...............##.###
.................#
...............##
#.............#


You could see a jelly.

Vanquished Creatures
  3 adders
  2 worms (D:2)
  A dart slug (D:3)
  An orc (D:2)
  7 endoplasms
  2 giant cockroaches (D:2)
  5 goblins
  6 hobgoblins
  A kobold (D:1)
  A quokka (D:1)
  8 ball pythons
  7 bats
  6 frilled lizards
  6 rats
56 creatures vanquished.

Notes
Turn   | Place    | Note
-------+----------+-------------------------------------------
     0 | D:1      | concernfroge the Mummy Monk began the quest for the Orb.
     0 | D:1      | Reached XP level 1. HP: 18/18 MP: 1/1
   173 | D:1      | Reached XP level 2. HP: 21/24 MP: 2/2
   614 | D:1      | Reached skill level 4 in Fighting
  1039 | D:2      | Gained mutation: You are in touch with the powers of death.
                  | [Mummy growth]
  1039 | D:2      | Reached XP level 3. HP: 25/30 MP: 3/3
  1676 | D:2      | Found a faded altar of an unknown god.
  1689 | D:2      | Reached XP level 4. HP: 34/38 MP: 4/4
  1692 | D:2      | Reached skill level 5 in Fighting
  2389 | D:4      | Splashed by a jelly's acid

Illustrated notes

Levels and vault maps discovered:
D:1:      scummos_arrival_checkerplants, layout_basic
D:2:      layout_rooms, shapermc_ecumenical_altar_notcrosses
D:3:      layout_rooms
D:4:      cheibrodos_greedy_goblins, layout_cave_pools, minivault_23,
          uniq_menkaure

Skill      XL: |  1  2  3  4 |
---------------+-------------+-----
Fighting       | 4 5 |  5.2
Polearms       | |  2.4
Dodging        | |  2.4
Stealth        | |  1.5

Action                   |  1- 3 |  4- 6 || total
-------------------------+-------+-------++-------
Melee: Spear             |   188 |    64 ||   252
       Punch             |     3 |       ||     3
Throw: Dart              |       |     7 ||     7
  Use: Scroll            |       |     7 ||     7
 Stab: Sleeping          |     3 |       ||     3
Armor: Robe              |     6 |       ||     6
       Scale mail        |    64 |    36 ||   100
Dodge: Dodged            |    83 |    39 ||   122
